Map: [TLMC15] Glittering Ashes

Players

Elazer

  • Race: Zerg Zerg

TIME (Oliveira) - Winner!

  • Race: Terran Terran

Event: DreamHack SC2 Masters Last Chance 2022

VOD

Have the link to the VOD?

Description

Time

  • Played on: Jan. 11, 2022, 10:20 a.m.
  • Length: 14:01

All games in this series

Show
View Real Time Build Order
Export as new Build Order

Elazer Zerg 

Build Orders: Hatch First, Lurkers 

Get SALT Encoding   

  12  0:00  Drone  
  13  0:12  Overlord  
  13  0:16  Drone  
  14  0:30  Drone x2  
  16  0:47  Hatchery  
  15  0:50  Drone  
  15  0:54  Drone  
  17  0:57  Drone  
  18  1:08  Extractor  
  17  1:12  Spawning Pool  
  17  1:15  Drone  
  17  1:19  Drone  
  18  1:28  Drone  
  19  1:38  Drone  
  20  1:49  Drone  
  21  1:59  Queen x2  
  21  2:00  Zergling x4  
  27  2:10  Drone  
  27  2:12  Metabolic Boost  
  27  2:13  Overlord  
  28  2:30  Hatchery  
  28  2:31  Drone  
  28  2:32  Drone  
  28  2:35  Drone  
  30  2:38  Drone  
  31  2:45  Queen  
  31  2:51  Overlord  
  33  2:53  Drone x2  
  33  2:57  Drone  
  36  3:07  Overlord  
  36  3:09  Drone x4  
  40  3:15  Queen  
  42  3:21  Queen  
  45  3:27  Drone x2  
  45  3:30  Zergling x2, Overlord  
  47  3:41  Drone  
  48  3:42  Zergling x4  
  48  3:43  Queen  
  48  3:47  Drone x3  
  55  3:51  Queen  
  55  3:55  Drone x4  
  61  3:58  Drone  
  61  4:02  Overlord  
  62  4:06  Drone x2  
  64  4:12  Drone  
  64  4:14  Drone  
  65  4:17  Baneling Nest  
  65  4:19  Queen  
  65  4:21  Overlord  
  66  4:24  Zergling x12  
  72  4:33  Queen  
  72  4:34  Spore Crawler  
  72  4:35  Spore Crawler  
  72  4:39  Spore Crawler  
  72  4:43  Spore Crawler  
  72  4:44  Drone  
  71  4:46  Drone x6  
  71  4:50  Overlord  
  77  4:53  Drone x3  
  77  4:57  Drone  
  81  5:06  Overlord  
  82  5:08  Drone x7  
  82  5:09  Extractor x2  
  82  5:10  Drone  
  88  5:14  Drone  
  88  5:18  Overlord  
  89  5:24  Lair  
  89  5:26  Drone x2  
  89  5:27  Drone x3  
  94  5:29  Hatchery  
  94  5:32  Overlord  
  94  5:33  Drone x3  
  96  5:35  Extractor  
  96  5:37  Extractor  
  96  5:38  Queen  
  96  5:39  Queen  
  98  5:45  Overlord  
  98  5:48  Baneling x5  
  99  5:50  Zergling x10  
  99  5:52  Baneling x4  
  99  5:56  Zergling x8  
  107  5:58  Baneling x4  
  107  5:59  Zergling x2  
  106  6:13  Overlord  
  106  6:18  Drone x3  
  102  6:19  Drone x6  
  102  6:23  Drone  
  96  6:28  Drone x2  
  95  6:33  Zergling x10  
  95  6:38  Evolution Chamber x2  
  98  6:41  Drone  
  98  6:42  Drone x2, Extractor  
  98  6:43  Hydralisk Den  
  98  6:45  Zergling x2, Overlord  
  98  6:46  Zergling x2, Centrifugal Hooks  
  101  6:53  Overlord  
  101  6:54  Drone x3  
  101  6:57  Baneling x6  
  101  6:58  Zergling x6  
  107  7:02  Zergling x8  
  107  7:05  Zerg Ground Armor Level 1  
  107  7:06  Drone x3  
  107  7:07  Zerg Melee Weapons Level 1  
  114  7:12  Overlord  
  114  7:13  Zergling x4  
  114  7:14  Overseer  
  116  7:21  Zergling x12  
  121  7:25  Grooved Spines  
  121  7:26  Drone, Overlord  
  121  7:27  Drone x2  
  124  7:30  Extractor  
  124  7:34  Zergling x16  
  130  7:37  Baneling x2  
  130  7:38  Baneling x8  
  130  7:39  Hatchery  
  129  7:45  Zergling x14  
  134  7:52  Zergling x10  
  134  7:55  Zergling x2  
  137  8:03  Zergling x14  
  136  8:11  Zergling x4  
  131  8:17  Zergling x2  
  131  8:18  Queen  
  131  8:19  Queen x2  
  130  8:22  Zergling x4  
  130  8:23  Baneling x7  
  130  8:24  Baneling x12, Zergling x2  
  126  8:33  Zergling x4  
  125  8:43  Hydralisk x3, Muscular Augments  
  130  8:58  Hatchery  
  130  8:59  Hydralisk x5  
  139  9:09  Zergling x8  
  140  9:16  Zerg Missile Weapons Level 1  
  138  9:19  Hydralisk x3  
  143  9:26  Baneling x9  
  143  9:30  Overlord x2  
  143  9:32  Hatchery  
  143  9:34  Burrow  
  143  9:35  Zergling x2  
  143  9:46  Zergling x2  
  143  9:51  Zergling x22  
  151  9:55  Zergling x2  
  151  9:56  Zergling x10  
  155  10:04  Zergling x10  
  160  10:08  Zerg Ground Armor Level 2  
  160  10:11  Zergling x2  
  160  10:12  Zergling x4  
  160  10:26  Overlord  
  160  10:27  Overlord  
  147  10:37  Zergling x2  
  140  10:42  Hydralisk  
  140  10:43  Hydralisk  
  140  10:45  Overlord x3  
  141  10:50  Baneling x15  
  141  10:52  Zergling x14  
  139  10:58  Pneumatized Carapace  
  139  11:00  Zergling x2  
  125  11:08  Hydralisk x2  
  125  11:09  Zergling x2  
  130  11:13  Hatchery  
  129  11:19  Zergling x14  
  129  11:23  Zergling x2  
  135  11:26  Overseer  
  135  11:31  Hydralisk x2  
  139  11:40  Zerg Missile Weapons Level 2  
  139  11:42  Drone x2  
  139  11:43  Infestation Pit  
  139  11:45  Lurker Den  
  139  11:51  Zergling x2  
  139  11:52  Zergling x10  
  136  12:05  Zergling x4  
  136  12:07  Overseer  
  130  12:12  Zergling x4  
  127  12:19  Zergling x12  
  133  12:22  Hive  
  133  12:28  Hydralisk x3  
  137  12:35  Overseer  
  137  12:40  Hydralisk  
  143  12:45  Nydus Network  
  143  12:48  Hydralisk  
  146  12:52  Hatchery, Overlord x2  
  146  12:55  Lurker x4  
  143  13:02  Overseer  
  143  13:06  Lurker x3  
  143  13:10  Lurker x5  
  143  13:11  Lurker  
  134  13:35  Nydus Canal  
Show
View Real Time Build Order
Export as new Build Order

TIME Terran - Winner!

Build Orders: Liberator Opening, Reaper Expand 

Get SALT Encoding   

  12  0:00  SCV  
  13  0:12  SCV  
  14  0:17  Supply Depot  
  14  0:25  SCV  
  15  0:39  SCV, Barracks  
  16  0:43  Refinery  
  16  0:51  SCV  
  17  1:03  SCV  
  18  1:15  SCV  
  19  1:27  Reaper, Orbital Command  
  20  1:39  Command Center  
  20  1:48  Supply Depot  
  20  1:53  SCV  
  21  1:59  Marine  
  22  2:06  SCV  
  23  2:11  Factory  
  23  2:13  Refinery  
  23  2:18  SCV  
  23  2:21  Barracks Reactor  
  24  2:30  SCV  
  25  2:42  SCV  
  26  2:52  Orbital Command  
  26  2:54  SCV  
  26  2:58  Starport  
  27  3:04  Hellion x2  
  31  3:06  SCV, Marine  
  33  3:18  SCV x2  
  35  3:21  Supply Depot  
  35  3:25  Hellion x2  
  35  3:26  Barracks Tech Lab  
  39  3:30  SCV  
  39  3:31  SCV  
  41  3:34  Liberator  
  44  3:42  SCV  
  44  3:44  SCV  
  48  3:48  Hellion  
  48  3:49  Hellion  
  48  3:50  Supply Depot, Stimpack  
  48  3:51  Marine  
  48  3:54  SCV  
  52  3:56  SCV  
  53  4:06  SCV  
  54  4:11  SCV  
  54  4:14  Command Center, Marine  
  56  4:18  SCV  
  56  4:19  Factory Reactor  
  57  4:26  Starport Reactor  
  57  4:27  Barracks x2  
  57  4:29  SCV  
  58  4:33  Marine  
  58  4:35  Supply Depot  
  58  4:38  SCV  
  60  4:42  SCV  
  61  4:48  Supply Depot  
  61  4:50  SCV  
  62  4:56  Marine  
  63  5:00  Armory  
  63  5:01  Supply Depot  
  63  5:02  SCV  
  63  5:03  Medivac x2  
  63  5:06  SCV  
  69  5:08  Refinery  
  69  5:09  Refinery  
  69  5:10  Hellion  
  69  5:14  Marine x3  
  71  5:15  SCV  
  75  5:21  SCV  
  75  5:23  Supply Depot  
  75  5:25  Marine x2  
  75  5:26  Orbital Command  
  78  5:31  Marine  
  78  5:32  Factory Tech Lab  
  78  5:33  Combat Shield, Marine  
  78  5:34  Marine  
  81  5:39  SCV  
  81  5:41  SCV  
  83  5:43  Marine x2  
  83  5:49  Engineering Bay, Marine  
  86  5:52  Engineering Bay  
  86  5:53  Marine x2  
  88  5:57  Siege Tank  
  88  6:03  Supply Depot  
  91  6:05  Marine  
  91  6:07  Marine  
  91  6:10  Marine  
  92  6:13  Marine  
  92  6:14  Marine  
  92  6:20  Orbital Command  
  92  6:22  Marine  
  92  6:25  Marine  
  82  6:26  SCV x2  
  82  6:28  Medivac x2, Marine  
  82  6:30  Terran Infantry Weapons Level 1, Terran Infantry Armor Level 1  
  82  6:31  Marine  
  82  6:32  Marine  
  85  6:37  Supply Depot  
  85  6:38  SCV  
  85  6:39  Siege Tank  
  89  6:40  SCV  
  89  6:42  Barracks x2  
  89  6:43  Marine x2  
  89  6:46  SCV  
  93  6:49  Marine  
  93  6:50  SCV  
  93  6:52  Marine  
  93  6:53  SCV  
  97  6:56  Marine  
  97  6:58  SCV  
  97  7:01  Supply Depot, Marine  
  99  7:02  Supply Depot, SCV  
  99  7:06  SCV  
  102  7:09  Refinery  
  102  7:10  SCV, Drilling Claws, Marine  
  102  7:14  Siege Tank  
  102  7:15  Factory, Marine  
  107  7:17  SCV  
  107  7:18  SCV  
  110  7:23  Supply Depot  
  110  7:24  SCV, Marine  
  110  7:26  Supply Depot  
  110  7:27  Marine  
  110  7:28  Medivac  
  110  7:29  Medivac, SCV  
  118  7:33  Barracks Reactor x2  
  118  7:37  Marine  
  118  7:38  SCV  
  118  7:42  Marine  
  118  7:43  Marine  
  120  7:49  SCV  
  112  7:54  SCV x2  
  112  7:55  Marine  
  112  7:56  Marine x2  
  105  7:59  Siege Tank  
  105  8:00  Marine x2  
  105  8:04  SCV  
  109  8:06  SCV x2  
  105  8:13  Marine  
  105  8:16  Marine  
  105  8:17  SCV  
  105  8:18  Marine x2  
  105  8:19  Marine x2  
  105  8:21  Marine x3  
  105  8:22  Medivac x2  
  105  8:25  SCV  
  105  8:26  SCV  
  105  8:27  Terran Infantry Weapons Level 2  
  105  8:29  Terran Infantry Armor Level 2  
  105  8:30  SCV, Marine  
  105  8:35  Marine  
  105  8:38  SCV x2  
  105  8:39  Factory Reactor  
  108  8:42  SCV  
  108  8:44  Marine x2  
  111  8:49  Widow Mine, Marine  
  111  8:50  Marine x2  
  111  8:54  SCV, Marine  
  118  8:56  Medivac  
  118  8:58  Medivac  
  118  9:00  Marine x2  
  118  9:02  SCV  
  125  9:03  SCV  
  125  9:06  Marine  
  125  9:07  Marine x2  
  125  9:09  Marine x2  
  130  9:10  Marine  
  130  9:15  SCV  
  130  9:18  Marine x2  
  130  9:20  Marine  
  130  9:22  Widow Mine x2  
  130  9:23  SCV  
  138  9:24  SCV, Marine  
  138  9:25  Marine  
  138  9:27  SCV, Marine  
  138  9:29  Supply Depot  
  138  9:30  Widow Mine  
  145  9:35  SCV  
  145  9:36  SCV  
  145  9:37  Marine  
  148  9:40  Medivac x2  
  148  9:43  Marine  
  148  9:44  Widow Mine  
  148  9:45  Widow Mine  
  157  9:49  SCV  
  157  9:50  SCV  
  157  9:51  Marine  
  157  9:52  Marine  
  159  9:53  SCV  
  159  9:57  Marine x2  
  159  9:59  Marine  
  154  10:01  SCV  
  154  10:04  SCV, Marine  
  154  10:06  SCV  
  158  10:08  Marine  
  158  10:10  Marine  
  158  10:13  SCV, Siege Tank  
  164  10:15  Supply Depot  
  164  10:16  Supply Depot  
  164  10:18  SCV  
  165  10:30  SCV  
  158  10:39  Marine  
  158  10:41  Marine x2  
  152  10:43  Widow Mine x2  
  152  10:46  SCV x2  
  152  10:48  Marine x2  
  152  10:49  Widow Mine  
  164  11:03  Marine x2  
  141  11:04  SCV  
  141  11:05  SCV  
  141  11:06  Terran Infantry Weapons Level 3, Terran Infantry Armor Level 3  
  141  11:08  Marine x3  
  141  11:10  Liberator, Widow Mine  
  141  11:11  Command Center  
  139  11:14  SCV  
  139  11:15  Siege Tank  
  143  11:19  Marine  
  143  11:20  Marine x2  
  143  11:23  Marine  
  143  11:25  Widow Mine, SCV x2  
  151  11:29  Marine  
  151  11:31  Liberator  
  155  11:37  Marine  
  155  11:38  Marine  
  155  11:39  Marine  
  158  11:42  Marine x3  
  161  11:51  Marine  
  160  11:56  Marine  
  146  12:10  Marine x2  
  146  12:11  Marine  
  141  12:16  SCV x2  
  141  12:18  Marine x3  
  141  12:19  Siege Tank  
  141  12:20  Widow Mine x2  
  152  12:24  Barracks x2  
  152  12:25  Barracks  
  152  12:27  Marine  
  152  12:28  Marine x2  
  149  12:32  Marine  
  149  12:35  SCV  
  149  12:36  Marine x3  
  152  12:37  Sensor Tower, Marine  
  152  12:39  Liberator x2  
  159  12:47  Marine  
  159  12:48  Widow Mine x2  
  159  12:50  Marine  
  165  12:53  Planetary Fortress  
  165  12:56  Marine x2  
  165  12:57  Supply Depot  
  167  13:02  Marine  
  167  13:05  Marine  
  169  13:12  Barracks Tech Lab x3  
  169  13:21  Siege Tank  
  167  13:32  Marine x2  
  167  13:33  Marine x2  
  157  13:35  Marauder x4  
  157  13:40  Marine  
  157  13:41  Marine x2  

Tags
 
Add a new tag
Caveats
  • Supply blocks, unpowered buildings, or Contaminate may cause inaccurate times.
  • Supply counts are checked every 10 seconds.